[Event "Titled Tuesday Blitz March 08 Late 2022"]
[White "Wagner, Dennis"]
[Black "Avazkhonov, Alikhon"]
[WhiteFideId "24650684"]
[BlackFideId "14208504"]
[WhiteElo "2702"]
[BlackElo "2387"]
[Result "1-0"]
[Round "02"]
[TimeControl "180+1"]
[Date "2022.03.09"]
[WhiteClock "0:01:22"]
[BlackClock "0:00:02"]

1. d4 Nf6 2. Nf3 g6 3. g3 Bg7 4. Bg2 O-O 5. O-O d6 6. b3 Nbd7 7. Bb2 e5 8. dxe5 Ng4 9. Qd2 Re8 10. c4 Ngxe5 11. Nc3 f5 12. Rad1 Nxf3+ 13. Bxf3 Ne5 14. Bg2 Kh8 15. c5 Nf7 16. Nd5 c6 17. Bxg7+ Kxg7 18. Qc3+ Ne5 19. Ne3 Kf7 20. Rxd6 Qe7 21. Rfd1 Bd7 22. Nc4 Bc8 23. e4 Nxc4 24. Qxc4+ Be6 25. Qd4 fxe4 26. Bxe4 Qf6 27. Qxf6+ Kxf6 28. f4 Ke7 29. Kf2 Rad8 30. Ke3 Rxd6 31. Rxd6 Rd8 32. Rxd8 Kxd8 33. Kd4 Ke7 34. Ke5 Bd7 35. b4 a6 36. a3 Be6 37. f5 Bf7 38. f6+ Kd7 39. h4 Be6 40. Bf3 Bf5 41. g4 Be6 42. g5 Bf7 43. Bg4+ Kc7 44. Be6 1-0


[Site "https://www.chess.com"]

[Event "Titled Tuesday Blitz March 08 Late 2022"]
[White "Wieczorek, Oskar"]
[Black "Qashashvili, Alexandre"]
[WhiteFideId "1133950"]
[BlackFideId "13600842"]
[WhiteElo "2319"]
[BlackElo "2316"]
[Result "1-0"]
[Round "02"]
[TimeControl "180+1"]
[Date "2022.03.09"]
[WhiteClock "0:00:23"]
[BlackClock "0:00:21"]

1. e4 c6 2. d4 d5 3. Nd2 dxe4 4. Nxe4 Nd7 5. Ng5 Ngf6 6. Bd3 e6 7. N1f3 Bd6 8. Qe2 Nb6 9. Ne5 Bxe5 10. dxe5 Nfd5 11. a3 h6 12. Ne4 O-O 13. O-O f5 14. exf6 Nxf6 15. Bd2 Nbd5 16. Rad1 Qc7 17. g3 e5 18. c4 Nxe4 19. Qxe4 Bf5 20. Qe2 Bxd3 21. Qxd3 Nf6 22. Bb4 Rfd8 23. Bd6 Qf7 24. Qe2 e4 25. Be5 Rxd1 26. Rxd1 Re8 27. Bd4 b6 28. Be3 c5 29. Kg2 Qe6 30. a4 Ng4 31. Bf4 Qg6 32. Rd6 Nf6 33. Qd2 Qg4 34. Qd1 Qxd1 35. Rxd1 Re7 36. Rd8+ Re8 37. Rxe8+ Nxe8 38. Bb8 a5 39. Kf1 Kf7 40. Ke2 Ke6 41. Ke3 Kf5 42. h3 h5 43. b3 Nf6 44. Bc7 Nd7 45. g4+ hxg4 46. hxg4+ Kxg4 47. Kxe4 g5 48. Bd8 Kh5 49. Kf5 g4 50. Be7 Nb8 51. Bd8 Nc6 52. Bxb6 Nd4+ 53. Ke5 Nxb3 54. Kd5 Kh4 55. Bxc5 Nxc5 56. Kxc5 Kh3 57. Kb6 Kg2 58. c5 Kxf2 59. c6 g3 60. c7 g2 61. c8=Q g1=Q 62. Qc5+ Kg2 63. Qxg1+ Kxg1 64. Kxa5 Kf2 65. Kb6 Ke3 66. a5 Kd4 67. a6 Kc4 68. Kb7 Kd5 69. a7 Kc4 70. a8=Q Kd5 71. Qc8 Kd6 72. Qc6+ 1-0


[Site "https://www.chess.com"]

[Event "Titled Tuesday Blitz March 08 Late 2022"]
[White "Winkels, Marcel"]
[Black "Reprintsev, Alexander"]
[WhiteFideId "1003887"]
[BlackFideId "14100541"]
[WhiteElo "1900"]
[BlackElo "2108"]
[Result "0-1"]
[Round "02"]
[TimeControl "180+1"]
[Date "2022.03.09"]
[WhiteClock "0:00:19"]
[BlackClock "0:00:48"]

1. b3 c5 2. Bb2 Nc6 3. e3 e5 4. d3 d5 5. Nf3 Bd6 6. Be2 Qe7 7. Nbd2 Bg4 8. c4 d4 9. exd4 cxd4 10. Ne4 Nf6 11. Nxd6+ Qxd6 12. O-O O-O 13. a4 a5 14. Ba3 Nb4 15. Qd2 Rfe8 16. Ng5 Bxe2 17. Qxe2 Qb6 18. Rac1 Rac8 19. Qf3 Na6 20. Rb1 Nc5 21. Rfe1 h6 22. Bxc5 Qxc5 23. Ne4 Nxe4 24. Rxe4 f6 25. Rg4 Rc6 26. Qf5 Rb6 27. Qg6 Qe7 28. Qxh6 Re6 29. Qg6 Qf7 30. h4 f5 31. Qxf7+ Kxf7 32. Rg5 Kf6 33. b4 axb4 34. Rxb4 b6 35. Rb5 Ra8 36. Rb4 Ra5 37. f3 e4 38. fxe4 fxe4 39. Rxa5 bxa5 40. Rb5 exd3 41. Rb3 d2 42. Kf2 d1=Q 0-1


[Site "https://www.chess.com"]

[Event "Titled Tuesday Blitz March 08 Late 2022"]
[White "Zivkovic, Nemanja"]
[Black "Tari, Aryan"]
[WhiteFideId "942154"]
[BlackFideId "1510045"]
[WhiteElo "2388"]
[BlackElo "2567"]
[Result "0-1"]
[Round "02"]
[TimeControl "180+1"]
[Date "2022.03.08"]
[WhiteClock "0:00:45"]
[BlackClock "0:01:20"]

1. e4 Nc6 2. Nf3 e5 3. Bb5 Bc5 4. d3 Nge7 5. c3 a6 6. Ba4 Ba7 7. O-O O-O 8. Nbd2 f5 9. exf5 d5 10. Re1 Bxf5 11. Bc2 Qd6 12. h3 Ng6 13. Nf1 Rae8 14. Be3 Bxe3 15. Nxe3 Be6 16. Bb3 h6 17. Nh2 Nf4 18. f3 Kh8 19. Qd2 d4 20. Nc4 Bxc4 21. Bxc4 b5 22. Bb3 dxc3 23. Qxc3 Nd4 24. Kh1 Qg6 25. Qd2 Qxd3 26. Rad1 Qg6 27. Ng4 Qh5 28. Nxe5 Nxb3 0-1


[Site "https://www.chess.com"]

[Event "Titled Tuesday Blitz March 08 Late 2022"]
[White "orkinyo12345"]
[Black "Maksimovic, Bojan"]
[BlackFideId "14408120"]
[WhiteElo "2499"]
[BlackElo "2720"]
[Result "1-0"]
[Round "02"]
[TimeControl "180+1"]
[Date "2022.03.09"]
[WhiteClock "0:00:03"]
[BlackClock "0:00:01"]

1. c4 g6 2. g3 Bg7 3. Bg2 e5 4. Nf3 d6 5. d4 e4 6. Ng5 f5 7. h4 Nf6 8. Nc3 h6 9. Nh3 Be6 10. Nf4 Bf7 11. f3 exf3 12. Bxf3 c6 13. d5 O-O 14. O-O cxd5 15. Ncxd5 Nc6 16. Nxf6+ Qxf6 17. Nd5 Qd8 18. Bf4 Ne5 19. Rc1 Rc8 20. b3 Nxf3+ 21. Rxf3 g5 22. hxg5 hxg5 23. Be3 Bh5 24. Rf2 Be5 25. Qd2 Bxg3 26. Bxg5 Bxf2+ 27. Kxf2 Qd7 28. Ne7+ Kf7 29. Rh1 Rh8 30. Nxc8 Qxc8 31. Qd5+ Qe6 32. Qxb7+ Kg6 33. Be3 Re8 34. Rg1+ Bg4 35. Qxa7 f4 36. Qd4 Qxe3+ 37. Qxe3 fxe3+ 38. Ke1 Kg5 39. Kd1 Ra8 40. a4 Kf4 41. Rf1+ Ke4 42. Rf6 d5 43. cxd5 Kxd5 44. Rf4 Rg8 45. a5 Ke5 46. Rb4 Be6 47. a6 Ra8 48. Rb5+ Kd4 49. Rb6 Bd5 50. Kc2 Kc5 51. Rh6 Kd4 52. b4 Rc8+ 53. Kb2 Be4 54. b5 Rc2+ 55. Kb3 Rxe2 56. b6 Re1 57. b7 Rb1+ 58. Ka2 Rb5 59. Rd6+ Kc3 60. Re6 Kd3 61. Rxe4 Kxe4 62. a7 e2 63. a8=Q e1=Q 64. b8=Q+ Kd4 65. Qd6+ Kc4 66. Qa4+ 1-0


[Site "https://www.chess.com"]

[Event "Titled Tuesday Blitz March 08 Late 2022"]
[White "Andersson, Bjorn 1971"]
[Black "Desideri, Ricardo Maruchi"]
[WhiteFideId "1702114"]
[BlackFideId "2110440"]
[WhiteElo "2207"]
[BlackElo "1945"]
[Result "1-0"]
[Round "03"]
[TimeControl "180+1"]
[Date "2022.03.09"]
[WhiteClock "0:01:12"]
[BlackClock "0:00:30"]

1. e4 c5 2. Nf3 d6 3. d4 cxd4 4. Nxd4 Nf6 5. Nc3 a6 6. Be2 e6 7. O-O b5 8. a4 b4 9. Na2 d5 10. exd5 Nxd5 11. c4 Nf6 12. Bf3 Ra7 13. Nc6 Qxd1 14. Rxd1 Nxc6 15. Bxc6+ Bd7 16. Bxd7+ Rxd7 17. Rxd7 Nxd7 18. Bd2 a5 19. Be3 Nc5 20. Bxc5 Bxc5 21. Nc1 O-O 22. Nb3 Bb6 23. c5 Bc7 24. Rd1 Rd8 25. Rxd8+ Bxd8 26. f4 Kf8 27. Kf2 Ke7 28. Ke3 Kd7 29. Kd4 Bf6+ 30. Kc4 Kc6 31. Nxa5+ Kc7 32. b3 Bc3 33. Kb5 Bd2 34. g3 h5 35. Nc4 Bc3 36. a5 f6 37. a6 g5 38. fxg5 fxg5 39. Nd6 Kb8 40. Ne4 g4 41. Kb6 Bd4 42. a7+ Ka8 43. Ng5 1-0


[Site "https://www.chess.com"]

[Event "Titled Tuesday Blitz March 08 Late 2022"]
[White "Antonio, Jorge Carlos"]
[Black "Miszler, Levente"]
[WhiteFideId "113190"]
[BlackFideId "763276"]
[WhiteElo "2247"]
[BlackElo "1966"]
[Result "0-1"]
[Round "03"]
[TimeControl "180+1"]
[Date "2022.03.09"]
[WhiteClock "0:01:51"]
[BlackClock "0:01:39"]

1. e4 e6 2. f4 d5 3. exd5 exd5 4. Qe2+ Be7 5. Nf3 Nf6 6. d3 O-O 7. Qf2 Ng4 8. Qg3 Nc6 9. h3 Nd4 10. hxg4 Nxc2+ 11. Kd2 Nxa1 12. f5 Re8 13. Nc3 c5 14. b3 Qa5 15. Bb2 d4 16. Bxa1 dxc3+ 17. Bxc3 Qxa2+ 18. Kc1 Qxb3 19. Bb2 Bd7 20. Qh3 h6 21. g5 Ba4 22. Ne1 Qd1# 0-1


[Site "https://www.chess.com"]

[Event "Titled Tuesday Blitz March 08 Late 2022"]
[White "Antonova, Nadezhda"]
[Black "Griffith, Kyron"]
[WhiteFideId "14700182"]
[BlackFideId "2046318"]
[WhiteElo "1751"]
[BlackElo "2232"]
[Result "1/2-1/2"]
[Round "03"]
[TimeControl "180+1"]
[Date "2022.03.09"]
[WhiteClock "0:00:36"]
[BlackClock "0:00:27"]

1. Nf3 d5 2. b3 c5 3. e3 a6 4. Bb2 Nc6 5. Be2 Nf6 6. O-O Bg4 7. c4 e6 8. d3 Be7 9. Nbd2 O-O 10. h3 Bh5 11. Ne5 Bxe2 12. Qxe2 Rc8 13. Nxc6 Rxc6 14. Nf3 Nd7 15. cxd5 exd5 16. d4 c4 17. bxc4 Rxc4 18. Rac1 b5 19. Nd2 Rxc1 20. Rxc1 Qa5 21. a3 Bxa3 22. Ra1 b4 23. Nb3 Qa4 24. Nc5 Nxc5 25. dxc5 Qc6 26. Bxa3 bxa3 27. Rxa3 Qxc5 28. Qxa6 d4 29. exd4 Qxd4 30. Qd3 Qb4 31. Ra1 Re8 32. Rd1 g6 33. g3 Ra8 34. Qd2 Qe4 35. Qd5 Qa4 36. Qd4 Qc2 37. Qd2 Qxd2 38. Rxd2 g5 39. g4 Ra3 40. Kg2 Kg7 41. Rd5 Kg6 42. f3 Ra2+ 43. Kg3 Ra4 44. Rd3 f6 45. h4 gxh4+ 46. Kxh4 Rb4 47. Kg3 h5 48. gxh5+ Kxh5 49. Rd5+ Kg6 50. Rd3 Rc4 51. Re3 Rb4 52. Rd3 Rc4 53. Re3 Rb4 54. Rd3 1/2-1/2


[Site "https://www.chess.com"]

[Event "Titled Tuesday Blitz March 08 Late 2022"]
[White "Arabidze, Meri"]
[Black "Pein, Jonathan"]
[WhiteFideId "13604040"]
[BlackFideId "417092"]
[WhiteElo "2582"]
[BlackElo "2389"]
[Result "1-0"]
[Round "03"]
[TimeControl "180+1"]
[Date "2022.03.09"]
[WhiteClock "0:00:04"]
[BlackClock "0:00:02"]

1. Nf3 Nf6 2. g3 e6 3. Bg2 b6 4. O-O Bb7 5. b3 a5 6. a4 Be7 7. d3 O-O 8. e4 d5 9. e5 Nfd7 10. Bf4 c5 11. Nbd2 Nc6 12. Re1 Rc8 13. h4 Re8 14. Nh2 Ba6 15. c4 Nb4 16. Ndf3 Nb8 17. Bf1 N8c6 18. Ng4 Bb7 19. h5 dxc4 20. dxc4 Qxd1 21. Raxd1 Nc2 22. h6 Nxe1 23. Rxe1 g6 24. Bg5 Nd4 25. Nxd4 Bxg5 26. Nb5 Rcd8 27. Nd6 Re7 28. f4 Bf3 29. Nh2 Bxh6 30. Nxf3 Red7 31. Nd2 Bf8 32. N2e4 Kg7 33. Bg2 h5 34. Kf2 Be7 35. Bf3 f5 36. exf6+ Bxf6 37. Nxf6 Kxf6 38. Ne4+ Kg7 39. Ng5 Rd2+ 40. Kf1 R8d3 41. Nxe6+ Kf6 42. Ng5 Rxb3 43. Re6+ Kg7 44. Re7+ Kf8 45. Re1 Ra2 46. Bc6 Rxg3 47. Re8+ Kg7 48. Re7+ Kf8 49. Rf7+ Kg8 50. Bd5 Rxg5 51. fxg5 Kh8 52. Rf8+ Kg7 53. Rf2 Kh7 54. Rxa2 1-0


[Site "https://www.chess.com"]

[Event "Titled Tuesday Blitz March 08 Late 2022"]
[White "Arnold, Ken"]
[Black "Iskusnyh, Sergei"]
[WhiteFideId "2056836"]
[BlackFideId "4120027"]
[WhiteElo "2290"]
[BlackElo "2492"]
[Result "1-0"]
[Round "03"]
[TimeControl "180+1"]
[Date "2022.03.09"]
[WhiteClock "0:00:53"]
[BlackClock "0:00:13"]

1. d4 d5 2. c4 c6 3. Nc3 Nf6 4. Nf3 dxc4 5. e3 b5 6. a4 b4 7. Na2 e6 8. Bxc4 Bb7 9. b3 Nbd7 10. O-O a5 11. Bb2 Be7 12. Qe2 c5 13. Nc1 O-O 14. Nd3 Qb6 15. dxc5 Nxc5 16. Nxc5 Qxc5 17. Rac1 Qh5 18. Ne5 Qxe2 19. Bxe2 Rac8 20. Nc4 Ba6 21. Rfe1 Rfd8 22. Bd4 Bxc4 23. Bxc4 Nd7 24. Bb5 Nc5 25. Bxc5 Rxc5 26. Kf1 g6 27. Rxc5 Bxc5 28. Ke2 Be7 29. Rc1 Bf6 30. Rc5 Bc3 31. Bd3 Ra8 32. g4 Ra7 33. h4 h6 34. h5 g5 35. f4 Bf6 36. f5 Be7 37. Rc6 exf5 38. Bxf5 Kg7 39. Bd3 Bf6 40. Bc4 Re7 41. Kf3 Bc3 42. Rc5 Re5 43. Rxe5 Bxe5 44. Ke4 Bc7 45. Kd5 Bb6 46. e4 Kf6 47. e5+ Ke7 48. Kc6 Bd4 49. Bd3 Bxe5 50. Kb6 Kd6 51. Kxa5 Kc5 52. Ka6 Kd4 53. Bc4 f5 54. gxf5 g4 55. Kb5 g3 56. Bf1 Ke4 57. Bh3 Kf3 58. a5 g2 59. Bxg2+ Kxg2 60. a6 Bd4 61. f6 1-0


[Site "https://www.chess.com"]

[Event "Titled Tuesday Blitz March 08 Late 2022"]
[White "Atanejhad, Sahebali"]
[Black "Janaszak, Dawid"]
[WhiteFideId "12506664"]
[BlackFideId "1119206"]
[WhiteElo "1977"]
[BlackElo "2199"]
[Result "1-0"]
[Round "03"]
[TimeControl "180+1"]
[Date "2022.03.09"]
[WhiteClock "0:00:08"]
[BlackClock "0:00:24"]

1. d4 Nf6 2. c4 g6 3. Nc3 d5 4. Nf3 Bg7 5. Qb3 dxc4 6. Qxc4 O-O 7. Bf4 c6 8. e4 b5 9. Qd3 b4 10. Na4 Ba6 11. Qc2 Bxf1 12. Kxf1 Qa5 13. b3 Nbd7 14. g3 Nh5 15. Be3 e5 16. Kg2 Rae8 17. Qxc6 exd4 18. Bxd4 Ne5 19. Nxe5 Bxe5 20. Bxe5 Qxe5 21. Rhe1 Re6 22. Qc5 Qb2 23. Qxb4 Qf6 24. Rad1 Rfe8 25. Qc3 Qg5 26. Qe3 Qa5 27. f3 Rc8 28. Rd5 Qb4 29. Qd2 Qe7 30. Re2 Nf6 31. Rd3 h5 32. Nc3 h4 33. Nd5 Nxd5 34. Rxd5 Rec6 35. Rd7 Qe6 36. Rd8+ Kh7 37. Rxc8 Qxc8 38. Qf4 h3+ 39. Kf2 Rc1 40. Qxf7+ Kh6 41. Qf4+ Kh7 42. Qe3 Rh1 43. g4 Qc7 44. e5 Qe7 45. Kg3 Rf1 46. Kxh3 Qf7 47. Kg2 Rd1 48. e6 Qe7 49. Qf4 Kg7 50. Qf7+ Qxf7 51. exf7 Kxf7 52. Kg3 g5 53. h4 Rg1+ 54. Kf2 Rh1 55. hxg5 Kg6 56. Ke3 Ra1 57. Rc2 Kxg5 58. Rc5+ Kh4 59. Rh5+ Kg3 60. Ra5 Re1+ 61. Kd4 Re7 62. g5 Kxf3 63. g6 Kf4 64. Ra6 Kf5 65. Kd5 Rd7+ 66. Kc6 Rg7 67. Kb5 Ke5 68. b4 Kd5 69. a4 Rb7+ 70. Ka5 Kc4 71. b5 Re7 72. Rf6 Kc5 73. Rf7 Re6 74. g7 Rg6 75. Rxa7 Kd6 76. Ra6+ Kc5 77. Rxg6 1-0


[Site "https://www.chess.com"]

[Event "Titled Tuesday Blitz March 08 Late 2022"]
[White "Avazkhonov, Alikhon"]
[Black "Al-Tarboush, Ward"]
[WhiteFideId "14208504"]
[BlackFideId "7601450"]
[WhiteElo "2385"]
[BlackElo "2587"]
[Result "0-1"]
[Round "03"]
[TimeControl "180+1"]
[Date "2022.03.09"]
[WhiteClock "0:00:04"]
[BlackClock "0:01:57"]

1. f4 d5 2. Nf3 Nf6 3. g3 Nc6 4. Bg2 Bg4 5. d4 h5 6. O-O e6 7. h3 Bxf3 8. Bxf3 Ne4 9. Bxe4 dxe4 10. e3 Be7 11. c4 Qd7 12. Nc3 f5 13. a3 O-O-O 14. b4 Bf6 15. Bb2 g5 16. b5 Ne7 17. Kh2 h4 18. Ne2 hxg3+ 19. Kxg3 gxf4+ 20. Nxf4 Bh4+ 21. Kh2 Bg5 22. Qe2 Bxf4+ 23. Rxf4 Ng6 24. Rf2 Qd6+ 25. Kg2 Rxh3 26. Kxh3 Rh8+ 27. Kg2 Qh2+ 0-1


[Site "https://www.chess.com"]

[Event "Titled Tuesday Blitz March 08 Late 2022"]
[White "Babazada, Khazar"]
[Black "Rasulov, Vugar"]
[WhiteFideId "13413554"]
[BlackFideId "13402390"]
[WhiteElo "2418"]
[BlackElo "2560"]
[Result "1-0"]
[Round "03"]
[TimeControl "180+1"]
[Date "2022.03.08"]
[WhiteClock "0:00:05"]
[BlackClock "0:00:05"]

1. Nf3 c5 2. c4 Nc6 3. Nc3 g6 4. g3 Bg7 5. Bg2 e6 6. O-O Nge7 7. Rb1 O-O 8. d3 b6 9. Bd2 Bb7 10. a3 d6 11. b4 Qd7 12. h4 h5 13. Qc1 Nf5 14. e3 Rac8 15. Qd1 Rfd8 16. Qa4 Ne5 17. Qxd7 Rxd7 18. Nxe5 Bxe5 19. Bxb7 Rxb7 20. Rfc1 Kf8 21. Kf1 Ke8 22. Ke2 Kd7 23. Ne4 cxb4 24. Bxb4 d5 25. cxd5 exd5 26. Ng5 f6 27. Nf3 Rxc1 28. Rxc1 Rc7 29. Rxc7+ Bxc7 30. Bc3 Ke6 31. e4 dxe4 32. dxe4 Nd6 33. Kd3 b5 34. e5 fxe5 35. Nxe5 Kf5 36. Nc6 Bb6 37. Bd4 Nc4 38. Bxb6 axb6 39. Nd4+ Kg4 40. Nxb5 Ne5+ 41. Ke4 Nc4 42. a4 Nb2 43. Nc3 Kh3 44. Kf3 Kh2 45. Ne2 Nxa4 46. Nf4 b5 47. Nxg6 b4 48. Ne5 b3 49. Nd3 b2 50. Nxb2 Nxb2 51. g4 hxg4+ 52. Kxg4 Nd3 53. h5 Nxf2+ 54. Kf5 Kg3 55. h6 Ng4 56. h7 Nh6+ 57. Kg6 Ng4 58. h8=Q Kf4 59. Qd4+ Kf3 60. Kg5 Ne3 61. Qd3 Kf2 62. Kf4 Ng2+ 63. Ke4 Kg1 64. Qe2 Nh4 65. Qe1+ Kg2 66. Qxh4 Kf1 67. Qh2 Ke1 68. Ke3 Kd1 69. Qd2# 1-0


[Site "https://www.chess.com"]

[Event "Titled Tuesday Blitz March 08 Late 2022"]
[White "Bashirli, Nail"]
[Black "Dobrov, Vladimir"]
[WhiteFideId "13406809"]
[BlackFideId "4136594"]
[WhiteElo "2333"]
[BlackElo "2614"]
[Result "0-1"]
[Round "03"]
[TimeControl "180+1"]
[Date "2022.03.08"]
[WhiteClock "0:00:02"]
[BlackClock "0:00:34"]

1. e4 c5 2. Nc3 Nc6 3. Bb5 Nd4 4. Nge2 g6 5. O-O Bg7 6. Nxd4 cxd4 7. Ne2 Nf6 8. d3 O-O 9. h3 e5 10. f4 d5 11. fxe5 Nh5 12. exd5 Qxd5 13. Bc4 Qxe5 14. Nf4 Ng3 15. Re1 Qd6 16. Bd2 Nf5 17. Qf3 Bd7 18. a3 a5 19. Qd5 Qc7 20. Qf3 Rae8 21. Nd5 Qd8 22. Qf2 Bc6 23. Nf4 b5 24. Bb3 a4 25. Ba2 Re3 26. Re2 Bf6 27. Rf1 Bh4 28. Bxe3 dxe3 29. Qf3 Bxf3 30. Rxf3 Nd4 0-1


[Site "https://www.chess.com"]

[Event "Titled Tuesday Blitz March 08 Late 2022"]
[White "Batsiashvili, Nino"]
[Black "Cupid, Kevin"]
[WhiteFideId "13602993"]
[BlackFideId "7700512"]
[WhiteElo "2192"]
[BlackElo "2096"]
[Result "1-0"]
[Round "03"]
[TimeControl "180+1"]
[Date "2022.03.09"]
[WhiteClock "0:00:18"]
[BlackClock "0:00:08"]

1. d4 e5 2. dxe5 Nc6 3. Nf3 Nge7 4. Bf4 Ng6 5. Bg3 Bc5 6. e3 Qe7 7. Qd5 Nb4 8. Qb3 Nc6 9. Bc4 O-O 10. O-O Ncxe5 11. Nxe5 Nxe5 12. Be2 c6 13. c4 d6 14. Nc3 Bb6 15. Rad1 Bc7 16. h3 Rb8 17. f4 Nd7 18. e4 Nc5 19. Qc2 f5 20. Bf3 Qf7 21. b4 fxe4 22. Nxe4 Nxe4 23. Bxe4 g6 24. f5 Bxf5 25. Bxf5 gxf5 26. Bxd6 Bxd6 27. Rxd6 Qe7 28. c5 Rbe8 29. Rxf5 Qe3+ 30. Kh2 Re4 31. Rxf8+ Kxf8 32. Qd1 Kg7 33. Rd3 Qf4+ 34. Rg3+ Kf8 35. Qd8+ Kf7 36. Qd7+ Re7 37. Qg4 Qxg4 38. Rxg4 Re2 39. a4 Ra2 40. a5 Rb2 41. h4 h5 42. Rd4 Ke6 43. Kh3 a6 44. g3 Rb3 45. Rf4 Ke5 46. Rf8 Rxb4 47. Rh8 Rb5 48. Rxh5+ Kd4 49. Rg5 Rxa5 50. h5 Ra1 51. Rg4+ Kxc5 52. Rh4 Re1 53. h6 Re8 54. h7 a5 55. h8=Q Rxh8 56. Rxh8 b5 57. g4 a4 58. g5 a3 59. Ra8 b4 60. g6 Kc4 61. g7 Kc3 62. g8=Q 1-0


[Site "https://www.chess.com"]

[Event "Titled Tuesday Blitz March 08 Late 2022"]
[White "Bellahcene, Bilel"]
[Black "Bluebaum, Matthias"]
[WhiteFideId "696358"]
[BlackFideId "24651516"]
[WhiteElo "2501"]
[BlackElo "2847"]
[Result "1-0"]
[Round "03"]
[TimeControl "180+1"]
[Date "2022.03.09"]
[WhiteClock "0:00:11"]
[BlackClock "0:00:15"]

1. d4 Nf6 2. c4 e6 3. Nf3 d5 4. Nc3 Bb4 5. e3 O-O 6. Bd3 b6 7. O-O Ba6 8. Qe2 c5 9. a3 Bxc3 10. bxc3 Nc6 11. Rd1 Na5 12. cxd5 Bxd3 13. Qxd3 Qxd5 14. Nd2 Rfd8 15. Rb1 Rac8 16. Bb2 h6 17. e4 Qh5 18. h3 Qg6 19. Re1 Nh5 20. Qf3 cxd4 21. cxd4 Rc2 22. Nf1 Nc4 23. Ba1 Rc8 24. d5 e5 25. Ne3 Nxe3 26. Rxe3 f6 27. Bc3 Nf4 28. Bb4 h5 29. Rbb3 h4 30. Rbc3 Kh7 31. Rxc8 Rxc8 32. Rc3 Rxc3 33. Bxc3 Qh5 34. Qxh5+ Nxh5 35. d6 Nf4 36. d7 Ne6 37. Bb4 a5 38. Be7 b5 39. d8=Q Nxd8 40. Bxd8 b4 41. axb4 axb4 42. Be7 b3 43. Ba3 Kg6 44. Kf1 Kg5 45. Bc1+ Kg6 46. Ke2 f5 47. Kd3 Kf6 48. Kc4 g5 49. Kxb3 g4 50. Kc4 f4 51. f3 g3 52. Kd5 Kg5 53. Bb2 Kh5 54. Bxe5 Kg6 55. Bxf4 Kh5 1-0


[Site "https://www.chess.com"]

[Event "Titled Tuesday Blitz March 08 Late 2022"]
[White "Bibasa, Bob"]
[Black "Winkels, Marcel"]
[WhiteFideId "10000240"]
[BlackFideId "1003887"]
[WhiteElo "2056"]
[BlackElo "1900"]
[Result "1-0"]
[Round "03"]
[TimeControl "180+1"]
[Date "2022.03.09"]
[WhiteClock "0:01:12"]
[BlackClock "0:00:39"]

1. e4 c5 2. Nf3 d6 3. d4 cxd4 4. Nxd4 Nf6 5. f3 a6 6. c4 e6 7. Be3 Be7 8. Nc3 O-O 9. Qd2 Nc6 10. Be2 Bd7 11. O-O Rc8 12. Rac1 Qc7 13. b3 Qb8 14. g4 Nxd4 15. Bxd4 Bc6 16. g5 Nd7 17. f4 Nc5 18. Bf3 e5 19. Be3 exf4 20. Bxf4 Ne6 21. Be3 Rcd8 22. h4 b5 23. Nd5 Bxd5 24. cxd5 Nc7 25. Qc3 Rc8 26. Bg4 Ne6 27. Qb2 Rxc1 28. Rxc1 Nc5 29. Qd4 b4 30. h5 f6 31. g6 h6 32. Rc4 a5 33. Qd2 Re8 34. Bxh6 gxh6 35. Qxh6 Bf8 36. Qh7# 1-0


[Site "https://www.chess.com"]

[Event "Titled Tuesday Blitz March 08 Late 2022"]
[White "Brunner, Nicolas"]
[Black "Goltsev, Dmitry"]
[WhiteFideId "620246"]
[BlackFideId "24176710"]
[WhiteElo "2436"]
[BlackElo "2619"]
[Result "1-0"]
[Round "03"]
[TimeControl "180+1"]
[Date "2022.03.09"]
[WhiteClock "0:01:54"]
[BlackClock "0:01:20"]

1. d4 Nf6 2. c4 e6 3. g3 Bb4+ 4. Bd2 Qe7 5. Bg2 Nc6 6. e3 a5 7. Ne2 Bxd2+ 8. Qxd2 d6 9. O-O e5 10. Nbc3 O-O 11. Nd5 Nxd5 12. cxd5 Nb8 13. dxe5 dxe5 14. Rac1 Na6 15. Nc3 Bd7 16. Rfd1 Rfd8 17. d6 cxd6 18. Qxd6 Qxd6 19. Rxd6 Bc6 20. Rxd8+ Rxd8 21. Bxc6 bxc6 22. Ne4 f5 23. Nc5 Nb4 24. a3 Nd5 25. Nb7 Rb8 26. Nxa5 Rxb2 27. Nxc6 e4 28. Rc5 Rd2 29. Rxd5 Rc2 30. Ne7+ Kf7 31. Nxf5 Ke6 32. Ra5 Kf6 33. Nd4 Ra2 34. a4 g5 35. g4 Kg6 36. Kg2 h5 37. h3 hxg4 38. hxg4 Kf6 39. Rf5+ Kg6 40. a5 Kh6 41. Re5 Ra1 42. a6 Kg7 43. Rxg5+ Kf6 44. Rf5+ Kg6 45. Rf4 Rxa6 46. Rxe4 Ra5 47. Kg3 Ra1 48. Re6+ Kf7 49. Rb6 Rg1+ 50. Kf4 Ra1 51. f3 Rb1 52. Rxb1 1-0


[Site "https://www.chess.com"]

[Event "Titled Tuesday Blitz March 08 Late 2022"]
[White "Burke, Paul"]
[Black "Myers, Dominique"]
[WhiteFideId "2605767"]
[BlackFideId "2041715"]
[WhiteElo "1874"]
[BlackElo "1986"]
[Result "1-0"]
[Round "03"]
[TimeControl "180+1"]
[Date "2022.03.09"]
[WhiteClock "0:02:45"]
[BlackClock "0:02:12"]

1. e4 c5 2. d4 cxd4 3. c3 Nf6 4. Bd3 e6 5. Bf4 dxc3 6. Nxc3 Nc6 7. Nf3 Bb4 8. Qe2 O-O 9. e5 Nd5 10. Bd2 Nxc3 11. bxc3 Ba5 12. Bxh7+ Kxh7 13. Ng5+ Kg6 14. h4 Bxc3 15. h5+ Kf5 16. Qe4# 1-0


[Site "https://www.chess.com"]

[Event "Titled Tuesday Blitz March 08 Late 2022"]
[White "Butti, Enrique"]
[Black "Kanyamarala, Tarun"]
[WhiteFideId "3700470"]
[BlackFideId "45004714"]
[WhiteElo "2080"]
[BlackElo "2075"]
[Result "1-0"]
[Round "03"]
[TimeControl "180+1"]
[Date "2022.03.09"]
[WhiteClock "0:00:46"]
[BlackClock "0:00:25"]

1. Nf3 Nc6 2. d4 d5 3. c4 Nf6 4. cxd5 Nxd5 5. e4 Nb6 6. Nc3 Bg4 7. d5 Ne5 8. Nxe5 Bxd1 9. Bb5+ c6 10. dxc6 a6 11. c7+ axb5 12. cxd8=Q+ Rxd8 13. Nxd1 f6 14. Nf3 e5 15. O-O Be7 16. Nc3 b4 17. Nb5 Kf7 18. b3 Ra8 19. Be3 Ra5 20. Bxb6 Rxb5 21. Be3 Ra8 22. Rfc1 Rba5 23. Rc2 Ra3 24. Nd2 g6 25. Kf1 f5 26. f3 Ke6 27. Ke2 f4 28. Bf2 g5 29. Kd1 h5 30. Kc1 g4 31. Kb2 Rd8 32. Nc4 Ra6 33. Rd2 Rda8 34. Rd5 Bf6 35. Bc5 Rg8 36. Bxb4 gxf3 37. gxf3 Rg2+ 38. Rd2 Rg8 39. a4 Rga8 40. Rad1 b5 41. axb5 Ra2+ 42. Kc3 1-0


[Site "https://www.chess.com"]

[Event "Titled Tuesday Blitz March 08 Late 2022"]
[White "Calcada, Lucas Galvan"]
[Black "Rabineau, Clement"]
[WhiteFideId "22746099"]
[BlackFideId "628891"]
[WhiteElo "1402"]
[BlackElo "2237"]
[Result "1/2-1/2"]
[Round "03"]
[TimeControl "180+1"]
[Date "2022.03.09"]
[WhiteClock "0:00:35"]
[BlackClock "0:00:04"]

1. e4 d6 2. d4 g6 3. Nc3 Bg7 4. f3 a6 5. Be3 Nd7 6. Qd2 b5 7. Nce2 Bb7 8. h4 h6 9. O-O-O c5 10. dxc5 Nxc5 11. Bxc5 dxc5 12. Qxd8+ Rxd8 13. Rxd8+ Kxd8 14. Nf4 Nf6 15. Ngh3 g5 16. Nd3 Nd7 17. hxg5 hxg5 18. Nhf2 Rxh1 19. Nxh1 g4 20. c3 c4 21. Ndf2 gxf3 22. gxf3 Ne5 23. Be2 f5 24. Ng3 fxe4 25. fxe4 Bh6+ 26. Kc2 Kd7 27. Nf5 Bf4 28. Bf1 e6 29. Nd4 Bg3 30. Nd1 Bxe4+ 31. Kd2 Bf4+ 32. Ke1 Nf3+ 33. Nxf3 Bxf3 34. Nf2 Bg3 35. Bh3 Kd6 36. Kf1 Kd5 37. Ng4 Bf4 38. Kf2 Be4 39. Nf6+ Ke5 40. Nxe4 Kxe4 41. Bxe6 Bc1 42. Bc8 Kd5 43. Bxa6 Kc5 44. Ke2 Bxb2 45. Kd2 Ba3 46. Kc2 Kb6 47. Bc8 Be7 48. Bd7 Bf6 49. a4 bxa4 50. Bxa4 Bxc3 51. Kxc3 Ka5 52. Kxc4 1/2-1/2


[Site "https://www.chess.com"]